 Dungeon Crawl Stone Soup version 0.22-a0-460-g49b1da7e92 (webtiles) character file.

6 Kaglan the Grave Robber (level 1, 0/13 (14) HPs)
             Began as a Ghoul Necromancer on June 9, 2018.
             Slain by a ball python (1 damage)
             ... on level 2 of the Dungeon.
             The game lasted 00:02:49 (241 turns).

Kaglan the Grave Robber (Ghoul Necromancer)          Turns: 241, Time: 00:02:50

HP:   0/13 (14)     AC:  2    Str: 11    XL:     1   Next: 90%
MP:   1/2           EV:  9    Int: 10    God:
Gold: 7             SH:  0    Dex:  9    Spells: 2/3 levels left

rFire    . . .     SeeInvis .   (no weapon)
rCold    + . .     Gourm    .   (no shield)
rNeg     + + +     Faith    .   a - +0 robe
rPois    ∞         Spirit   .   (no helmet)
rElec    .         Reflect  .   (no cloak)
rCorr    .         Harm     .   (no gloves)
MR       .....                  (no boots)
Stlth    ++........             (no amulet)
HPRegen  0.00/turn              (no ring)
MPRegen  0.08/turn              (no ring)

@: rotting, constricted
A: rotting body, claws 1, carnivore, cold resistance 1, negative energy
resistance 3, inhibited regeneration, torment resistance, unbreathing
a: no special abilities


You were on level 2 of the Dungeon.
You were not hungry.

You visited 1 branch of the dungeon, and saw 2 of its levels.

You collected 7 gold pieces.

Inventory:

Hand Weapons
 d - a +0 dagger
 f - a +2 whip of venom
Missiles
 e - 2 stones (quivered)
Armour
 a - a +0 robe (worn)
Comestibles
 b - 4 chunks of flesh
 c - 2 rations


   Skills:
 + Level 1.9 Dodging
 * Level 2.3 Stealth
 - Level 1.7 Spellcasting
 - Level 4.2 Necromancy


You had 2 spell levels left.
You knew the following spells:

 Your Spells              Type           Power        Failure   Level  Hunger
a - Pain                  Necr           #...         6%          1    ##.....

Your spell library contained the following spells:

 Spells                   Type           Power        Failure   Level  Hunger
 Animate Dead             Necr           N/A          50%         4    #####..
 Animate Skeleton         Necr           N/A          6%          1    ##.....
 Vampiric Draining        Necr           #.........   17%         3    ####...
 Regeneration             Chrm/Necr      #.........   38%         3    ####...


Dungeon Overview and Level Annotations

Branches:
Dungeon (2/15)

Altars:


Innate Abilities, Weirdness & Mutations

Your body is rotting away.
You thrive on raw meat.
You are immune to poison.
You have sharp fingernails.
You are carnivorous and can eat meat at any time.
Your flesh is cold resistant. (rC+)
You are immune to negative energy. (rN+++)
You do not regenerate when monsters are visible.
You are immune to unholy pain and torment.
You can survive without breathing.


Message History

Casting: Pain (safe; 6% risk of failure)
Confirm with . or Enter, or press ? or * to list all spells.
You don't know that spell.
The ball python misses you. The ball python grabs you.
You stop descending the stairs.
The ball python constricts you.
There are monsters nearby!
You escape the ball python's grasp.
The ball python barely misses you. The ball python completely misses you.
You climb downwards.
Found a scale mail, 27 gold pieces and a green potion.
There is a stone staircase leading up here.
You scratch the ball python.
The ball python is moderately wounded.
The ball python barely misses you. The ball python grabs you.
* * * LOW HITPOINT WARNING * * *
The ball python constricts you.
You closely miss the ball python.
The ball python is moderately wounded.
The ball python barely misses you.
You die...

##########
#........#
#........#
+......!.+
#........###
#..........#
#..........#
+....@...[.#
#.....S....#
#..........#
#.$........#
#..........#
############


You could see a ball python.

Vanquished Creatures
  A bat (D:1)
  A jackal (D:1)
  2 kobolds (D:1)
  A rat (D:1)
5 creatures vanquished.

Notes
Turn   | Place    | Note
-------+----------+-------------------------------------------
     0 | D:1      | Kaglan the Ghoul Necromancer began the quest for the Orb.
     0 | D:1      | Reached XP level 1. HP: 14/14 MP: 2/2
   241 | D:2      | Slain by a ball python

Vault maps used:
D:1:      evilmike_arrival_hilbert_curve
D:2:      fiery_altar_vehumet, xom_teletrap_fun, minmay_misc_feat_roman,
          minmay_split_cup_large

Action                   || total
-------------------------++-------
Melee: Unarmed           ||    25
 Cast: Pain              ||     4
Armor: Robe              ||     5
Dodge: Dodged            ||    31

Table legend:
 A = Spawn XP
 B = Non-spawn XP
 C = Spawn XP percentage of total XP
 D = Spawn monster count
 E = Non-spawn monster count
 F = Spawn count percentage of total count
 G = Total turns spent on level
                    A         B        C        D         E        F      G
               +---------+---------+-------+---------+---------+-------+---------
         Total |       0 |       9 |   0.0 |       0 |       5 |   0.0 |   241
               +---------+---------+-------+---------+---------+-------+---------
           D:1 |       0 |       9 |   0.0 |       0 |       5 |   0.0 |   239
               +---------+---------+-------+---------+---------+-------+---------
